 Dungeon Crawl Stone Soup version 0.17.1-1-g73c8601 (webtiles) character file.

55 Implojin the Chopper (level 3, -2/31 HPs)
             Began as a Minotaur Fighter on Apr 8, 2016.
             Was an Initiate of Okawaru.
             Slain by an orc
             ... wielding a +0 hand axe
              (4 damage)
             ... on level 4 of the Dungeon.
             The game lasted 00:03:21 (609 turns).

Implojin the Chopper (Minotaur Fighter)              Turns: 609, Time: 00:03:21

Health: -2/31      AC:  6    Str: 20    XL:     3   Next: 67%
Magic:  2/2        EV:  9    Int:  5    God:    Okawaru [......]
Gold:   25         SH:  0    Dex: 10    Spells: 0 memorised, 2 levels left

rFire  . . .     SeeInvis .     a - +0 war axe
rCold  . . .     Clarity  .     b - +0 scale mail
rNeg   . . .     SustAt   .     (no shield)
rPois  .         Gourm    .     (helmet restricted)
rElec  .         Spirit   .     (no cloak)
rCorr  +         Warding  .     (no gloves)
rMut   .         Stasis   .     (no boots)
MR     .....                    n - amulet of resist corrosion
Stlth  ..........               (no ring)
                                (no ring)

@: not resistant to hostile enchantments, extremely unstealthy
A: retaliatory headbutt, horns 2
a: Renounce Religion


You were on level 4 of the Dungeon.
You worshipped Okawaru.
Okawaru was noncommittal.
You were not hungry.

You visited 1 branch of the dungeon, and saw 4 of its levels.

You collected 25 gold pieces.

Inventory:

Hand Weapons
 a - a +0 war axe (weapon)
Missiles
 g - 6 javelins (quivered)
Armour
 b - a +0 scale mail (worn)
 c - a +0 shield
 l - a +0 chain mail
Jewellery
 i - an uncursed ring of ice
 n - an amulet of resist corrosion (around neck)
Wands
 o - a wand of teleportation (1)
 r - a wand of draining (7)
Scrolls
 f - 5 scrolls of identify {unknown}
 h - a scroll of amnesia {unknown}
 k - a scroll of remove curse {unknown}
 m - a scroll of teleportation {unknown}
 q - a scroll of fog {unknown}
Potions
 d - 2 potions of might
 p - a potion of poison {unknown}
Comestibles
 e - 2 bread rations
 j - 2 beef jerkies


   Skills:
 - Level 3.6 Fighting
 * Level 5.0 Axes
 - Level 3.6 Armour
 - Level 3.6 Shields


You had 2 spell levels left.
You didn't know any spells.

Dungeon Overview and Level Annotations

Branches:
Dungeon (4/15)
 Temple: D:4-7

Altars:
Dithmenos
Kikubaaqudgha
Okawaru


Innate Abilities, Weirdness & Mutations

You reflexively headbutt those who attack you in melee.
You have a pair of horns on your head.


Message History

o - a wand of teleportation {zapped: 2};
p - a white potion
Things that are here:
a hand axe; a chain mail
Okay, then.
Wear which item? (? for menu, Esc to quit)
Okay, then.
There is a stone staircase leading down here.
You climb downwards.
Found a scroll labeled MUM MEKEXTOMAMN.
There is a stone staircase leading up here.
Found a long lead wand.
q - a scroll labeled MUM MEKEXTOMAMN
r - a wand of draining
Found a stone staircase leading down.
A bat comes into view.
There is a stone staircase leading down here.
The bat hits you but does no damage.
You climb downwards.
An orc, an orc priest and an orc wizard come into view.
The orc wizard shouts!
The orc priest shouts!
Found a robe.
Found a stone staircase leading down.
There is a stone staircase leading up here.
Unknown command.
You hit the orc. You headbutt the orc, but do no damage.
The orc is moderately wounded.
You barely miss the bat. The bat closely misses you. You furiously retaliate!
You headbutt the bat.
You kill the bat!
Okawaru accepts your kill.
Your Axes skill increases to level 5!
The orc priest calls down the wrath of Beogh upon you.
Something smites you! The orc hits you with a hand axe.
* * * LOW HITPOINT WARNING * * *
You barely miss the orc.
The orc is moderately wounded.
The orc priest calls down the wrath of Beogh upon you.
Pain shoots through your body!
* * * LOW HITPOINT WARNING * * *
The orc hits you with a hand axe.
You die...

... .. #o. ##..
##.o.#
##.....##
........##
......o@.#
......†...#
.......>[...#
...............
.........#....#
.......###...##
#....## ..#
###.. .##


You could see an orc priest, an orc wizard and an orc.

Vanquished Creatures
  Terence (D:2)
  A giant gecko (D:1)
  5 bats
  4 hobgoblins
  A kobold (D:1)
  A quokka (D:2)
  2 giant cockroaches (D:2)
  A giant newt (D:1)
  3 goblins
  7 jackals
26 creatures vanquished.

Notes
Turn   | Place    | Note
--------------------------------------------------------------
     0 | D:1      | Implojin the Minotaur Fighter began the quest for the Orb.
     0 | D:1      | Reached XP level 1. HP: 19/19 MP: 0/0
    83 | D:1      | Reached skill level 3 in Axes
    96 | D:1      | Reached XP level 2. HP: 19/26 MP: 1/1
   149 | D:2      | Noticed Terence
   264 | D:2      | Reached skill level 4 in Axes
   349 | D:3      | Found a shadowy altar of Dithmenos.
   351 | D:3      | Found an iron altar of Okawaru.
   353 | D:3      | Found an ancient bone altar of Kikubaaqudgha.
   358 | D:3      | Became a worshipper of Warmaster Okawaru
   469 | D:3      | Reached XP level 3. HP: 29/31 MP: 2/2
   537 | D:2      | Killed Terence
   608 | D:4      | Reached skill level 5 in Axes
   609 | D:4      | Slain by an orc

Action                   || total
-------------------------++-------
Melee: War axe           ||    54
Throw: Javelin           ||     1

Table legend:
 A = Turns spent in this place as a percentage of turns spent in the entire game.
 B = Non-inter-level travel turns spent in this place as a percentage of non-inter-level travel turns spent in the entire game.
 C = Inter-level travel turns spent in this place as a percentage of turns spent in this place.
 D = Turns resting spent in this place as a percentage of non-inter-level travel turns spent in this place.
 E = Turns spent auto-exploring this place as a percentage of non-inter-level travel turns spent in this place.
 F = Non-inter-level travel turns spent in this place divided by the number of levels of this place that you've seen.
                   A       B       C       D       E      F
               +-------+-------+-------+-------+-------+----------------------
         Total | 100.0 | 100.0 |   0.0 |   0.0 |   0.0 | 150.8
       Dungeon | 100.0 | 100.0 |   0.0 |   0.0 |   0.0 | 150.8
               +-------+-------+-------+-------+-------+----------------------

Table legend:
 A = Kills in this place as a percentage of kills in entire the game.
 B = Kills by you in this place as a percentage of kills by you in the entire game.
 C = Kills by friends in this place as a percentage of kills by friends in the entire game.
 D = Other kills in this place as a percentage of other kills in the entire game.
 E = Experience gained in this place as a percentage of experience gained in the entire game.
 F = Experience gained in this place divided by the number of levels of this place that you have seen.
                   A       B       C       D       E      F
               +-------+-------+-------+-------+-------+----------------------
         Total | 100.0 | 100.0 |  -nan |  -nan | 100.0 |  19.8
       Dungeon | 100.0 | 100.0 |  -nan |  -nan | 100.0 |  19.8
               +-------+-------+-------+-------+-------+----------------------
